[Event "*** Titled Tuesday Blitz"]
[Site "Chess.com"]
[Date "2020.05.05"]
[Round "1"]
[White "VALPARAISO37"]
[Black "Rud_Makarian"]
[Result "0-1"]
[WhiteElo "2386"]
[BlackElo "2738"]
[TimeControl "180+1"]
[EndTime "10:07:26 PDT"]
[Termination "Rud_Makarian won on time"]

1. d4 Nf6 2. c4 g6 3. Nc3 Bg7 4.
e4 d6 5. f3 O-O 6. Be3 a6 7. Bd3 b5 8. cxb5 axb5 9. Nxb5 c6 10. Nc3 Nbd7 11. Nge2 e5 12. O-O Re8 13. d5 cxd5 14.
Nxd5 Nxd5 15. exd5 e4 16. fxe4 Bxb2 17. Qb1 Bxa1 18.
Qxa1 Ne5 19. Bb5 Bd7 20. Bxd7 Qxd7 21. h3 Ra4 22. Ng3 Rea8 23. Rf2 Ra3 24. Re2 Rxe3 25. Rxe3 Qa7 26. Nf1 Nc4 27. Qc3 Nxe3 28. Nxe3 Re8 29. Kh2 Rxe4 30. Ng4 Qd4 31. Nf6+ Kf8 32. Nxe4 Qxe4 33.
Qc8+ Kg7 34. Qc6 Qe5+ 35. Kh1 h5 36. a4 g5 37. a5 g4 38. hxg4 hxg4 39. Qc4 g3 40.
Qg4+ Kf8 41. Qc8+ Ke7 42. Qc7+ Kf6 43. Qd8+ Kg7 0-1

[Event "*** Titled Tuesday Blitz"]
[Site "Chess.com"]
[Date "2020.05.05"]
[Round "1"]
[White "InitiatingASC"]
[Black "DenisQ"]
[Result "0-1"]
[WhiteElo "2324"]
[BlackElo "2650"]
[TimeControl "180+1"]
[EndTime "10:07:26 PDT"]
[Termination "DenisQ won by resignation"]

1. d4 d5 2. c4 c6 3. Nf3 Nf6 4.
e3 Bf5 5. Be2 e6 6. O-O Nbd7 7.
b3 Bd6 8. Bb2 O-O 9. Nbd2 Ne4 10. Ne5 Nxe5 11. dxe5 Bb4 12. Nxe4 Bxe4 13. Bd3 Bxd3 14.
Qxd3 dxc4 15. Qxc4 Be7 16. Rfd1 Qc7 17. Rd3 Rad8 18.
Rad1 Rxd3 19. Rxd3 Rd8 20. Rd4 c5 21. Rxd8+ Qxd8 22. Qc2 b5 23. a3 h6 24. h3 Qd5 25. Bc3 c4 26. b4 h5 27. Qd2 Qxd2 28. Bxd2 f6 29.
f4 fxe5 30. fxe5 Bh4 31. Kf1 Kf7 32. Ke2 Bg3 33. Bc3 Kg6 34. e4 Bf4 35. Bb2 a6 36. Ke1 Kg5 37. Bc3 Bc1 38. Ke2 Kf4 0-1

[Event "*** Titled Tuesday Blitz"]
[Site "Chess.com"]
[Date "2020.05.05"]
[Round "1"]
[White "asimali1977"]
[Black "awesomevishesh"]
[Result "0-1"]
[WhiteElo "1958"]
[BlackElo "2479"]
[TimeControl "180+1"]
[EndTime "10:07:26 PDT"]
[Termination "awesomevishesh won by checkmate"]

1. Nf3 Nf6 2. g3 g6 3. Bg2 Bg7 4. O-O O-O 5. d3 d5 6. Nbd2 c5 7. Re1 Nc6 8. e4 e5 9. c3 Re8 10. Qc2 h6 11. Nf1 Be6 12. Ne3 Qd7 13. Bd2 Rad8 14.
Rad1 Kh7 15. Bc1 Qc7 16. b3 d4 17. cxd4 cxd4 18. Nc4 Nb4 19. Qd2 Nc6 20. Ba3 b5 21.
Ncxe5 Nxe5 22. Nxe5 Qxe5 23. f4 Qh5 24. Rc1 Rc8 25.
Bc5 Rxc5 26. Rxc5 Qxc5 27. Rc1 Qb6 28. h3 Rc8 29. e5 Rxc1+ 30. Qxc1 Nd5 31. g4 Nc3 32. Kh2 g5 33. f5 Bxe5+ 34. Kh1 Bd7 35. Qa3 b4 36. Qc1 Bc6 37. Qg1 Kg7 38. Qf2 Qb7 39.
Bxc6 Qxc6+ 40. Kg1 Nd5 41. h4 Qc1+ 42. Kg2 Ne3+ 43. Kf3 Qh1+ 44. Ke2 Qd1# 0-1

[Event "*** Titled Tuesday Blitz"]
[Site "Chess.com"]
[Date "2020.05.05"]
[Round "1"]
[White "platy3"]
[Black "GiorgianBarbosa"]
[Result "1-0"]
[WhiteElo "2704"]
[BlackElo "2361"]
[TimeControl "180+1"]
[EndTime "10:07:27 PDT"]
[Termination "platy3 won by resignation"]

1. e4 c5 2. Nf3 g6 3. d4 cxd4 4.
Nxd4 Bg7 5. c4 Nc6 6. Be3 Nf6 7. Nc3 O-O 8. Be2 d6 9. O-O Bd7 10. h3 Nxd4 11. Bxd4 Bc6 12. Qc2 Nd7 13. Bxg7 Kxg7 14.
b4 b6 15. Rad1 Qc7 16. f4 a5 17. a3 axb4 18. axb4 Rfc8 19. Qb2 Kg8 20. Rfe1 Qa7 21.
Kh2 Qa3 22. Qxa3 Rxa3 23. Nd5 Bxd5 24. cxd5 Rc2 25. Rc1 Rac3 26. Rxc2 Rxc2 27. Bf3 Rb2 28. Rc1 Rxb4 29. Rc7 Nc5 30. Rxe7 Kf8 31. Rc7 Nxe4 32. f5 Kg7 33. fxg6 hxg6 34. Bg4 Kf6 35. Bd7 Ke5 36. Be8 f5 37. Bxg6 b5 38. Re7+ Kxd5 39. Bxf5 Nc5 40.
Bh7 Rf4 41. Kg3 Rf6 42. h4 b4 43. Re8 b3 44. Rb8 Rf7 45. Bg8 1-0

[Event "*** Titled Tuesday Blitz"]
[Site "Chess.com"]
[Date "2020.05.05"]
[Round "1"]
[White "CaptainTheTT"]
[Black "Winehouse83"]
[Result "1-0"]
[WhiteElo "2226"]
[BlackElo "2538"]
[TimeControl "180+1"]
[EndTime "10:07:27 PDT"]
[Termination "CaptainTheTT won by checkmate"]

1. e4 c5 2. Nf3 e6 3. d4 cxd4 4. Nxd4 Nc6 5. Nc3 Qc7 6. Be3 a6 7. Qf3 Ne5 8. Qg3 h5 9. f4 h4 10. Qh3 Ng6 11. f5 Ne5 12. Be2 Nf6 13. O-O b5 14. a3 Bb7 15. Rad1 Nxe4 16. fxe6 dxe6 17.
Nxe6 fxe6 18. Nxe4 Bxe4 19. Qxe6+ Qe7 20. Rd6 Bb7 21. Bg5 Qxe6 22. Rxe6+ Kd7 23. Rxe5 Bd6 24.
Rf7+ Kc8 25. Bg4+ Kb8 26. Re2 Bc5+ 27. Kh1 h3 28. Bf4+ Ka7 29. Bf3 hxg2+ 30. Kxg2 Kb6 31. Rxb7+ Ka5 32. b4+ Bxb4 33. axb4+ Ka4 34. Bd2 Rac8 35. Ra7 Ka3 36. Rxa6+ Kb2 37. c3 Rhf8 38. Be1+ Kb3 39.
Bd5+ Rc4 40. Bxc4+ bxc4 41. Raa2 g5 42. Reb2# 1-0

[Event "*** Titled Tuesday Blitz"]
[Site "Chess.com"]
[Date "2020.05.05"]
[Round "1"]
[White "dianosky"]
[Black "temus_galaktionov"]
[Result "0-1"]
[WhiteElo "2397"]
[BlackElo "2772"]
[TimeControl "180+1"]
[EndTime "10:07:28 PDT"]
[Termination "temus_galaktionov won on time"]

1. d4 c6 2. c4 g6 3. Nc3 Bg7 4. e4 d6 5. Be3 Nd7 6. Qd2 e5 7. Nge2 Ngf6 8. f3 O-O 9. O-O-O Qa5 10. Kb1 Re8 11. Nc1 Qc7 12. Nb3 a5 13. Na4 Rb8 14. Rc1 Qd8 15. Qxa5 Qxa5 16. Nxa5 Ra8 17. b4 b6 18. dxe5 bxa5 19. exf6 Bxf6 20. b5 Bb7 21. Nb6 Nxb6 22. Bxb6 a4 23. Bd3 Rac8 24. Rhd1 cxb5 25. cxb5 d5 26. exd5 Bxd5 27. Rxc8 Rxc8 28. Bxg6 Be6 29.
Bd3 Kf8 30. Rc1 Rb8 31. Bc7 Rb7 32. b6 Bd4 33. Be4 Rxb6+ 34. Bxb6 Bxb6 0-1

[Event "*** Titled Tuesday Blitz"]
[Site "Chess.com"]
[Date "2020.05.05"]
[Round "1"]
[White "RovenVogel"]
[Black "Aleksandar-Topalov"]
[Result "1-0"]
[WhiteElo "2744"]
[BlackElo "2392"]
[TimeControl "180+1"]
[EndTime "10:07:28 PDT"]
[Termination "RovenVogel won on time"]

1. d4 Nf6 2. c4 c5 3. Nf3 g6 4. Nc3 Bg7 5. e4 O-O 6. Be2 Nc6 7. d5 Na5 8. O-O d6 9. h3 a6 10. Rb1 e6 11. dxe6 Bxe6 12. b3 Nc6 13. Be3 Qc7 14. Qd2 Rfe8 15. Rfd1 Rad8 16. Bg5 Nd4 17. Nxd4 cxd4 18.
Qxd4 Nxe4 19. Qxe4 Bxc3 20. Bxd8 Rxd8 21. Bg4 Bxg4 22.
hxg4 Qa5 23. Qc2 Be5 24. Rd5 Qb6 25. Rbd1 Re8 26. g3 Qc7 27. Kg2 Qe7 28. Qd3 Qf6 29. Qf3 Qe7 30. Re1 Qc7 31. Re3 Rb8 32. c5 Qc6 33.
cxd6 Bxd6 34. Red3 Bf8 35. Rd8 Rxd8 36. Rxd8 Qc7 37.
Re8 b5 38. Qa8 Qd6 39. Rd8 Qc5 40. Qxa6 1-0

[Event "*** Titled Tuesday Blitz"]
[Site "Chess.com"]
[Date "2020.05.05"]
[Round "1"]
[White "1f3_2g41-0"]
[Black "grzechu96"]
[Result "1-0"]
[WhiteElo "2302"]
[BlackElo "2592"]
[TimeControl "180+1"]
[EndTime "10:07:28 PDT"]
[Termination "1f3_2g41-0 won on time"]

1. e4 e5 2. Nf3 Nc6 3. Bb5 a6 4. Ba4 Nf6 5. O-O Be7 6. Re1 b5 7. Bb3 d6 8. c3 O-O 9. d4 Bg4 10. Be3 exd4 11. cxd4 d5 12. e5 Ne4 13. Nc3 Nxc3 14.
bxc3 Na5 15. Bc2 Nc4 16. Bf4 b4 17. Qd3 g6 18. cxb4 Bxb4 19. Bb3 Be7 20. Bxc4 dxc4 21.
Qxc4 Be6 22. Qc3 Bd5 23. Rac1 c6 24. h3 a5 25. a3 a4 26. Nd2 Qa5 27. Qxa5 Rxa5 28.
Rc3 Rb5 29. Nc4 Rb3 30. Ree3 Rxc3 31. Rxc3 Rb8 32. Nd6 Rb3 33. Bd2 Kf8 34. Bh6+ Kg8 35. Bd2 f6 36. f4 Rb2 37. Rd3 Kf8 38. f5 Bxd6 39. exd6 gxf5 40. Re3 Be4 41. Bb4 Rxg2+ 42. Kf1 Rg8 43. d5 1-0

[Event "*** Titled Tuesday Blitz"]
[Site "Chess.com"]
[Date "2020.05.05"]
[Round "1"]
[White "Munkhzul_Turmunkh"]
[Black "Roenko_Artur"]
[Result "1-0"]
[WhiteElo "2542"]
[BlackElo "2198"]
[TimeControl "180+1"]
[EndTime "10:07:28 PDT"]
[Termination "Munkhzul_Turmunkh won on time"]

1. e4 e6 2. d4 d5 3. Nc3 Bb4 4.
e5 c5 5. a3 Bxc3+ 6. bxc3 Ne7 7.
Qg4 cxd4 8. Qxg7 Rg8 9. Qxh7 Qc7 10. Ne2 Nbc6 11. f4 dxc3 12. Qd3 d4 13. h4 Nf5 14. h5 Bd7 15. h6 O-O-O 16. h7 Rh8 17. g4 Nfe7 18. Bg2 Ng6 19. Be4 Nce7 20. Rb1 Bc6 21. Ng3 Nd5 22. Bxg6 fxg6 23. Ne4 Rxh7 24. Qf3 Rxh1+ 25.
Qxh1 Qg7 26. Nd6+ Kb8 27. Qg1 Qh7 28. a4 Qh4+ 29. Kd1 Rh8 30. a5 Qh1 31. Qxh1 Rxh1+ 32. Ke2 Nxf4+ 33. Kf2 Nh3+ 34. Kg3 Ng5 35. Nxb7 Ne4+ 36.
Kf4 1-0

[Event "*** Titled Tuesday Blitz"]
[Site "Chess.com"]
[Date "2020.05.05"]
[Round "1"]
[White "PenguinPacks"]
[Black "SamuelGhimpu2003"]
[Result "0-1"]
[WhiteElo "2343"]
[BlackElo "2680"]
[TimeControl "180+1"]
[EndTime "10:07:29 PDT"]
[Termination "SamuelGhimpu2003 won by checkmate"]

1. e4 g6 2. Nf3 Bg7 3. d4 d6 4.
Bd3 a6 5. h3 b5 6. a4 b4 7. O-O Bb7 8. Re1 Nd7 9. Nbd2 e6 10.
c3 bxc3 11. bxc3 Ne7 12. Rb1 Rb8 13. Qe2 O-O 14. Bxa6 Bxa6 15. Qxa6 Rxb1 16. Nxb1 Qa8 17. Qc4 c5 18. Bf4 Qc6 19. Qb5 Ra8 20. Qxc6 Nxc6 21. Bxd6 cxd4 22. cxd4 Nxd4 23. Nxd4 Bxd4 24. Rd1 Rxa4 25.
Nd2 Kg7 26. Nf3 Bb6 27. Rd2 Rxe4 28. Bg3 Nf6 29. Rb2 Nd5 30. Be5+ f6 31. Bg3 g5 32.
Kh2 Kg6 33. Nd2 Re2 34. Kg1 Re1+ 35. Kh2 h5 36. Nc4 Bc5 37. f4 Bg1+ 38. Kh1 Bf2+ 39.
Kh2 Bxg3+ 40. Kxg3 Nxf4 41. Nd2 Re2 42. h4 Rxg2+ 43.
Kf3 e5 44. hxg5 fxg5 45. Rb6+ Kf5 46. Ne4 g4+ 47. Ke3 Re2# 0-1

[Event "*** Titled Tuesday Blitz"]
[Site "Chess.com"]
[Date "2020.05.05"]
[Round "1"]
[White "Akhayan"]
[Black "Lubov_Gordyk"]
[Result "0-1"]
[WhiteElo "2310"]
[BlackElo "2627"]
[TimeControl "180+1"]
[EndTime "10:07:29 PDT"]
[Termination "Lubov_Gordyk won by resignation"]

1. d4 c5 2. Nf3 cxd4 3. Nxd4 d5 4. g3 e5 5. Nb3 Nc6 6. Bg2 Nf6 7. O-O Be6 8. Bg5 Be7 9. Nc3 d4 10. Bxf6 gxf6 11. Ne4 Qb6 12. c3 f5 13. Ned2 dxc3 14. bxc3 O-O-O 15. Rb1 e4 16. Qc2 Qa6 17. e3 Qd3 18. Qb2 b6 19. Rfc1 Qa6 20. Bf1 Qa3 21.
Qc2 Kb8 22. Bb5 Rc8 23. Nxe4 fxe4 24. Qxe4 Qd6 25. Rd1 Qc7 26. Ba6 Rcd8 27. Nd4 Bd5 28. Qf5 Ne5 29. Nb5 Nf3+ 30. Kf1 Qc4+ 31. Rd3 Nd2+ 32.
Kg1 Nxb1 33. Qf4+ Qxf4 34. exf4 Bc4 35. Re3 Bxb5 36. Bxb5 Bc5 37. Re5 Nxc3 38. Kg2 Nxb5 39. Rf5 Rd7 40. Re5 Rhd8 41. a4 Nd4 42. a5 Ne6 43.
axb6 axb6 44. f5 Rd2 45. g4 Rxf2+ 46. Kg3 Bd6 47. Kxf2 Bxe5 0-1

[Event "*** Titled Tuesday Blitz"]
[Site "Chess.com"]
[Date "2020.05.05"]
[Round "1"]
[White "Witaliss"]
[Black "MoreChessJulia"]
[Result "1-0"]
[WhiteElo "2473"]
[BlackElo "1789"]
[TimeControl "180+1"]
[EndTime "10:07:29 PDT"]
[Termination "Witaliss won by resignation"]

1. d4 c5 2. d5 e6 3. c4 Nf6 4. Nc3 exd5 5. cxd5 Bd6 6. Nf3 Bc7 7. e4 d6 8. Bb5+ Nbd7 9. a4 a6 10.
Bd3 O-O 11. O-O Re8 12. Bf4 Nf8 13. h3 Ba5 14. Re1 Ng6 15. Bh2 Ne5 16. Bxe5 dxe5 17. Nd2 g6 18. Nc4 Bc7 19. Bc2 Bd6 20. a5 Nh5 21. Ba4 Rf8 22. Nb6 Rb8 23. Nb1 Qg5 24.
Ra3 Nf4 25. Rg3 Qe7 26. Nd2 h5 27. Ndc4 h4 28. Rf3 Qg5 29. Rxf4 exf4 30. Nxd6 Bxh3 31. Qf3 Bg4 32. Qc3 f3 33. Qe3 Qe5 34. Nbc4 Qh5 35.
Qf4 h3 36. gxh3 Qxh3 37. Qh2 Kg7 38. Qxh3 Bxh3 39. Kh2 Rh8 40. Kg3 Bg2 41. e5 Rh3+ 42. Kf4 Rbh8 43. e6 R8h4+ 44. Ke3 fxe6 45. dxe6 Rd4 46.
e7 1-0

[Event "*** Titled Tuesday Blitz"]
[Site "Chess.com"]
[Date "2020.05.05"]
[Round "1"]
[White "Anton_Demchenko"]
[Black "mbachez"]
[Result "1-0"]
[WhiteElo "2848"]
[BlackElo "2438"]
[TimeControl "180+1"]
[EndTime "10:07:30 PDT"]
[Termination "Anton_Demchenko won by resignation"]

1. d4 Nf6 2. Nf3 d5 3. Bf4 e6 4. e3 Bd6 5. Ne5 O-O 6. Nd2 c5 7. c3 Qc7 8. Bd3 Nc6 9. Ndf3 h6 10. h4 Nd7 11. Nxd7 Bxd7 12. Bxd6 Qxd6 13. dxc5 Qxc5 14. e4 Rae8 15. O-O Qb6 16. Qe2 Ne7 17. Rfe1 Ng6 18. g3 Bc6 19. e5 Qc7 20. Nd4 Re7 21. h5 Nh8 22. f4 Be8 23. Qg4 f5 24. Qf3 Nf7 25.
Re2 Nd8 26. g4 fxg4 27. Qxg4 Ref7 28. Rf1 Qb6 29. Kh1 Re7 30. Rg2 Qc7 31. Re1 a6 32. f5 Ref7 33. f6 Bc6 34. Qg6 Rxf6 35. Qh7+ Kf7 36.
Rxg7+ Ke8 37. Rxc7 R6f7 38. Rxf7 Nxf7 39. Bg6 Ke7 40. Rf1 Be8 41. Qg7 1-0

[Event "*** Titled Tuesday Blitz"]
[Site "Chess.com"]
[Date "2020.05.05"]
[Round "1"]
[White "Sven_Tica"]
[Black "BvsN"]
[Result "1-0"]
[WhiteElo "2715"]
[BlackElo "2369"]
[TimeControl "180+1"]
[EndTime "10:07:30 PDT"]
[Termination "Sven_Tica won on time"]

1. d4 d5 2. c4 c6 3. Nf3 Nf6 4. Qc2 dxc4 5. Qxc4 Bg4 6. Nbd2 Nbd7 7. g3 e6 8. Bg2 Be7 9. O-O O-O 10. Qb3 Qb6 11. Nc4 Qa6 12. Bf4 Rac8 13. Nfe5 Bh5 14. e3 Nb6 15.
Rfc1 Nxc4 16. Rxc4 Rfd8 17. Rac1 Nd5 18. g4 Nxf4 19.
exf4 Bg6 20. f5 exf5 21. gxf5 Bh5 22. d5 c5 23. a4 Bd6 24. Nd3 Be2 25. Re1 Re8 26.
Bf1 Bxf1 27. Rxe8+ Rxe8 28. Kxf1 b6 29. Kg2 Qc8 30.
Qb5 Re7 31. Qc6 Qd8 32. f6 Rc7 33. Qb5 g6 34. Re4 Rc8 35. Ne5 Bxe5 36. Rxe5 Qxf6 37.
Re8+ Rxe8 38. Qxe8+ Kg7 39. Qd7 Qg5+ 40. Kf3 Qf6+ 41. Ke4 1-0

[Event "*** Titled Tuesday Blitz"]
[Site "Chess.com"]
[Date "2020.05.05"]
[Round "1"]
[White "Loiacono_Antonio"]
[Black "swimmerchess"]
[Result "0-1"]
[WhiteElo "2382"]
[BlackElo "2736"]
[TimeControl "180+1"]
[EndTime "10:07:32 PDT"]
[Termination "swimmerchess won on time"]

1. e4 e5 2. Nf3 Nc6 3. Nc3 Nf6 4. Bb5 Bb4 5. O-O O-O 6. d3 Bxc3 7. bxc3 d6 8. Bxc6 bxc6 9. h3 Nd7 10. d4 f6 11. Re1 Qe7 12. Nh2 c5 13. Ba3 cxd4 14. cxd4 Nb6 15. Qd3 Be6 16. d5 Bd7 17. c4 f5 18. f3 fxe4 19. fxe4 Rad8 20. Rf1 Bc8 21. c5 dxc5 22. Nf3 Rf4 23. Qc2 Nd7 24. Nd2 Rdf8 25. Rxf4 Rxf4 26. Rf1 Rxf1+ 27. Nxf1 Qd6 28. Ne3 Ba6 29.
Nf5 Qb6 30. Kh2 c4 31. Qd2 h6 32. Qe1 Kh7 33. Qh4 Qf6 34. Qg3 Qg5 35. Qf2 Nf6 36.
Ne7 Nxe4 37. Qf7 Qf4+ 38. Kg1 Qxf7 0-1

[Event "*** Titled Tuesday Blitz"]
[Site "Chess.com"]
[Date "2020.05.05"]
[Round "1"]
[White "yoolund"]
[Black "martabartel"]
[Result "1/2-1/2"]
[WhiteElo "2589"]
[BlackElo "2277"]
[TimeControl "180+1"]
[EndTime "10:07:32 PDT"]
[Termination "Game drawn by repetition"]

1. d4 Nf6 2. Bg5 e6 3. e4 h6 4. Bxf6 Qxf6 5. c3 d5 6. Bd3 Qd8 7. Nd2 Nd7 8. Ne2 dxe4 9. Nxe4 Nf6 10. N2g3 Be7 11. O-O O-O 12. f4 Qd5 13. f5 exf5 14. Nxf5 Bxf5 15. Nxf6+ Bxf6 16. Rxf5 Qd6 17. Qf3 Rae8 18.
Rf1 c6 19. Bc2 Re6 20. Bb3 Re7 21. Qg4 Kh8 22. Bc2 Bg5 23. h4 Be3+ 24. Kh1 g6 25. Rf6 Qd7 26. Qxd7 Rxd7 27. Bxg6 Kg7 28. Bh5 c5 29.
R6f3 cxd4 30. cxd4 Bxd4 31. Rg3+ Kh8 32. Rd3 Rfd8 33.
Rxf7 Rxf7 34. Bxf7 Bf6 35. Rxd8+ Bxd8 36. g3 Kg7 37.
Bd5 Bc7 38. Kg2 b6 39. Kf3 Kf6 40. Kg4 Be5 41. b3 Bc3 42. Kh5 Bd2 43. g4 Be3 44. Bc4 Bd2 45. a4 Be3 46. g5+ hxg5 47. hxg5+ Bxg5 48.
Kg4 Be3 49. Kf3 Bc5 50. Ke4 a5 51. Kd5 Be3 52. Bb5 Bf2 53. Bc4 Be3 54. Bb5 Bf2 55.
Bc4 Be3 1/2-1/2

[Event "*** Titled Tuesday Blitz"]
[Site "Chess.com"]
[Date "2020.05.05"]
[Round "1"]
[White "Morshynska"]
[Black "ristingho"]
[Result "1-0"]
[WhiteElo "2151"]
[BlackElo "2493"]
[TimeControl "180+1"]
[EndTime "10:07:32 PDT"]
[Termination "Morshynska won on time"]

1. e4 c6 2. d4 d5 3. Nd2 dxe4 4. Nxe4 Bf5 5. Ng3 Bg6 6. Bc4 Nf6 7. c3 Nbd7 8. Nf3 e6 9. Qe2 Bd6 10. O-O O-O 11. Nh4 Re8 12. Nxg6 hxg6 13. f4 c5 14. Be3 Nd5 15. Bxd5 exd5 16. Qf3 Qc7 17. f5 Nf6 18. Rae1 gxf5 19. Nxf5 Bxh2+ 20. Kh1 Ne4 21. dxc5 Ng3+ 22.
Nxg3 Bxg3 23. Bf2 Bxf2 24. Qxf2 g6 25. b4 Kg7 26. Qf6+ Kg8 27. a4 Rxe1 28. Rxe1 Qg3 29. Re7 Rf8 30. a5 Qg4 31. a6 Qd1+ 32. Kh2 Qh5+ 33.
Kg1 Qd1+ 34. Kh2 Qh5+ 35. Kg3 Qd1 36. axb7 Qd3+ 37. Kh2 d4 38. b8=Q 1-0

[Event "*** Titled Tuesday Blitz"]
[Site "Chess.com"]
[Date "2020.05.05"]
[Round "1"]
[White "KNVB"]
[Black "Jadeit90"]
[Result "1/2-1/2"]
[WhiteElo "2767"]
[BlackElo "2409"]
[TimeControl "180+1"]
[EndTime "10:07:33 PDT"]
[Termination "Game drawn by repetition"]

1. d4 g6 2. c4 Bg7 3. e4 c5 4. d5 d6 5. Nc3 Nf6 6. Bd3 O-O 7. h3 e6 8. Nf3 exd5 9. cxd5 Na6 10. O-O Nc7 11.
Re1 Rb8 12. a4 a6 13. a5 b5 14. axb6 Rxb6 15. Nd2 Rb4 16. Nc4 Re8 17. Bf4 Bf8 18. Qc2 Nb5 19. Nxb5 axb5 20. Na5 Bd7 21. Bd2 Ra4 22.
Rxa4 bxa4 23. Nc4 Qb8 24. Bc3 Bg7 25. Qd2 Bb5 26. Nxd6 Qxd6 27. Bxb5 Rxe4 28. Rd1 Nd7 29.
Qc2 Re7 30. Bxa4 Ne5 31. Bb5 h5 32. Bf1 Nd7 33. Bb5 Ne5 34. Be2 Nd7 35. Qd2 Ne5 36.
Bf1 Nd7 37. Ra1 Kh7 38. Ra6 Qb8 39. d6 Re8 40. Bc4 Ne5 41. Bxe5 Bxe5 42. Bxf7 Rf8 43.
Bc4 Bd4 44. d7 Rxf2 45. Qxd4 cxd4 46. Kxf2 Qf4+ 47. Ke1 Qc1+ 48. Kf2 Qe3+ 49. Kf1 Qc1+ 50. Kf2 Qe3+ 51. Kf1 Qc1+ 52. Kf2 1/2-1/2

[Event "*** Titled Tuesday Blitz"]
[Site "Chess.com"]
[Date "2020.05.05"]
[Round "1"]
[White "sofaceindisguise"]
[Black "crazy_but_lazy"]
[Result "0-1"]
[WhiteElo "2694"]
[BlackElo "2383"]
[TimeControl "180+1"]
[EndTime "10:07:33 PDT"]
[Termination "crazy_but_lazy won by resignation"]

1. e4 c6 2. d4 d5 3. e5 c5 4. dxc5 e6 5. Be3 Nd7 6. Bb5 Qc7 7. b4 Ne7 8. Nf3 Nc6 9. Bxc6 bxc6 10. Bd4 a5 11. c3 Ba6 12. Nbd2 Be7 13. a4 O-O 14. Rb1 Rfb8 15. Qc2 f6 16. exf6 Bxf6 17. Bxf6 Nxf6 18. h3 e5 19. Qf5 e4 20. Nd4 Bd3 21. Qe6+ Kh8 22.
Nxc6 Re8 23. Qd6 Qxd6 24. cxd6 Bxb1 25. Nxb1 axb4 26. Nxb4 Rxa4 27. O-O d4 28. Rd1 d3 29.
Nd2 Rea8 30. Nb3 Kg8 31. g4 h6 32. Kg2 Kf7 33. Kg3 Ra3 34. Rb1 Rb8 35. Nc6 Rbxb3 36.
Rc1 Rxc3 37. Ne5+ Ke6 38. d7 Nxd7 0-1

[Event "*** Titled Tuesday Blitz"]
[Site "Chess.com"]
[Date "2020.05.05"]
[Round "1"]
[White "vwnv7"]
[Black "Witik"]
[Result "0-1"]
[WhiteElo "2298"]
[BlackElo "2617"]
[TimeControl "180+1"]
[EndTime "10:07:33 PDT"]
[Termination "Witik won on time"]

1. c4 e5 2. Nc3 Bb4 3. g3 Bxc3 4.
bxc3 Nc6 5. Bg2 Nge7 6. e4 d6 7. d3 Be6 8. Nf3 h6 9. h3 Qd7 10. Rb1 b6 11. Be3 O-O 12. Qd2 f5 13. Bxh6 fxe4 14.
Nh4 Nf5 15. Nxf5 Bxf5 16. g4 Bh7 17. Be3 exd3 18. O-O e4 19. f3 exf3 20. Bxf3 Rxf3 21.
Rxf3 Ne5 22. Rf4 g5 23. Rf6 Nxc4 24. Qg2 d5 25. Bxg5 Re8 26. Rbf1 Be4 27. Qf2 Qg7 28.
Qh4 d2 29. Bh6 Qe7 30. Qg5+ Kh8 31. Rf8+ Rxf8 32. Rxf8+ Qxf8 33. Bxf8 d1=Q+ 34. Kf2 Qf3+ 0-1

[Event "*** Titled Tuesday Blitz"]
[Site "Chess.com"]
[Date "2020.05.05"]
[Round "1"]
[White "elsemenova"]
[Black "kpio91"]
[Result "0-1"]
[WhiteElo "2398"]
[BlackElo "2769"]
[TimeControl "180+1"]
[EndTime "10:07:34 PDT"]
[Termination "kpio91 won by resignation"]

1. e4 g6 2. d4 Bg7 3. Nc3 c5 4.
dxc5 Bxc3+ 5. bxc3 Qa5 6. Rb1 Nf6 7. Bd3 Qxc5 8. Ne2 d6 9. O-O O-O 10. Be3 Qc7 11. Nd4 a6 12. c4 Nbd7 13. Nb3 b6 14. f4 Bb7 15. Qf3 b5 16. cxb5 axb5 17.
Nd4 Rxa2 18. Nxb5 Qc8 19. Bd4 Qa8 20. Nc3 Ra5 21. g4 e5 22. Be3 Qc8 23. Nb5 Qc6 24. Nxd6 Qxd6 25. Rxb7 Nc5 26. Bxc5 Qxc5+ 27. Kg2 Ne8 28.
fxe5 Nc7 29. Qf6 Ra7 30. Rb5 Nxb5 31. Bxb5 Qxb5 32. e6 Qe8 33. e7 Rxe7 34. h4 Rxe4 0-1

[Event "*** Titled Tuesday Blitz"]
[Site "Chess.com"]
[Date "2020.05.05"]
[Round "1"]
[White "xamax2000"]
[Black "Anastasia_Nesytova"]
[Result "1-0"]
[WhiteElo "2720"]
[BlackElo "2373"]
[TimeControl "180+1"]
[EndTime "10:07:34 PDT"]
[Termination "xamax2000 won on time"]

1. e4 c6 2. d4 d5 3. e5 c5 4. Nf3 Nc6 5. dxc5 Bg4 6. c3 e6 7. Be3 Bxf3 8. Qxf3 Nxe5 9. Bb5+ Nc6 10. c4 Nf6 11.
Nc3 a6 12. Ba4 Qc7 13. cxd5 exd5 14. O-O Be7 15. Nxd5 Nxd5 16. Qxd5 Rd8 17. Qe4 O-O 18.
Rfd1 Bf6 19. Bf4 Qc8 20. Bd6 Rfe8 21. Qc2 Qg4 22. h3 Qh5 23. Bb3 Nd4 24. Qc4 Ne2+ 25. Kf1 Bxb2 26. Rab1 Nc3 27. Rxb2 Nxd1 28. Rd2 Qg6 29.
Rxd1 Re6 30. Kg1 h6 31. Kh2 Re4 32. Qd5 Re2 33. Rd3 Rxf2 34. Rg3 Qf6 35. Qxb7 Re8 36. Rf3 Rxf3 37. Qxf3 Qg6 38. Bg3 1-0

[Event "*** Titled Tuesday Blitz"]
[Site "Chess.com"]
[Date "2020.05.05"]
[Round "1"]
[White "RAU4ever"]
[Black "BaMBoMaTTo"]
[Result "0-1"]
[WhiteElo "2342"]
[BlackElo "2673"]
[TimeControl "180+1"]
[EndTime "10:07:35 PDT"]
[Termination "BaMBoMaTTo won by resignation"]

1. e4 c5 2. Nf3 d6 3. d4 cxd4 4. Nxd4 Nf6 5. Nc3 a6 6. Be3 e5 7. Nf3 Qc7 8. a4 Nc6 9. Be2 Be7 10. O-O O-O 11. Nd5 Nxd5 12. exd5 Na5 13. b3 Bg4 14. c4 Bxf3 15. Bxf3 b6 16. Be2 Nb7 17.
Rb1 f5 18. f4 a5 19. b4 exf4 20. Bd4 axb4 21. Rxb4 Nc5 22. Rxf4 Bg5 23. Rf3 Rae8 24. Bf1 Re4 25. Bf2 g6 26. Qa1 Rfe8 27. a5 bxa5 28.
Rb5 Be3 29. Rxe3 Rxe3 30. Bxe3 Rxe3 31. Qxa5 Qxa5 32. Rxa5 Ne4 33. g3 Re1 34. Kg2 Rd1 35. Ra7 Rd2+ 36. Kg1 h5 37. Rc7 g5 38. Rd7 f4 39. gxf4 gxf4 40. Re7 Ng5 41. Bh3 Nxh3+ 42. Kf1 Ng5 43. Re6 Nxe6 0-1

[Event "*** Titled Tuesday Blitz"]
[Site "Chess.com"]
[Date "2020.05.05"]
[Round "1"]
[White "IwkooO"]
[Black "SHIVACalypso"]
[Result "0-1"]
[WhiteElo "2583"]
[BlackElo "2285"]
[TimeControl "180+1"]
[EndTime "10:07:36 PDT"]
[Termination "SHIVACalypso won by resignation"]

1. e4 e6 2. d4 d5 3. Nd2 Nf6 4.
e5 Nfd7 5. Bd3 c5 6. c3 Nc6 7. Ne2 cxd4 8. cxd4 f6 9. exf6 Nxf6 10. O-O Bd6 11.
Nf3 O-O 12. Bf4 Bxf4 13. Nxf4 Ne4 14. Ne2 Rxf3 15. gxf3 Ng5 16. f4 Nh3+ 17. Kg2 Qh4 18. f3 Bd7 19. Qe1 Nxf4+ 20. Nxf4 Qxf4 21. Rd1 Nxd4 22. Qg3 Qf6 23. Rde1 Rf8 24. Qe5 Nxf3 25. Bxh7+ Kh8 26.
Qxf6 Nxe1+ 27. Rxe1 gxf6 28. Bd3 e5 29. Re3 e4 30. Be2 d4 31. Rb3 Bc6 32. Rh3+ Kg7 33. Rg3+ Kf7 34. Bh5+ Ke6 35. Rg7 d3 36. Kf2 Rh8 37.
Bf7+ Ke5 38. Kg3 e3 39. Bb3 e2 40. Re7+ Kd4 41. Re6 Bd5 42. Bxd5 Kxd5 43. Re3 Kd4 44. Re7 d2 45. Rd7+ Ke3 46. Re7+ Kd3 47. Rd7+ Kc2 48.
Rc7+ Kd1 0-1

[Event "*** Titled Tuesday Blitz"]
[Site "Chess.com"]
[Date "2020.05.05"]
[Round "1"]
[White "Marcin"]
[Black "Igrok3069"]
[Result "1-0"]
[WhiteElo "2419"]
[BlackElo "2758"]
[TimeControl "180+1"]
[EndTime "10:07:37 PDT"]
[Termination "Marcin won on time"]

1. d4 d5 2. c4 c6 3. Nf3 Nf6 4.
e3 Bg4 5. h3 Bh5 6. Qb3 Qb6 7.
g4 Bg6 8. Ne5 e6 9. c5 Qc7 10.
Nxg6 hxg6 11. Bg2 g5 12. Nc3 Nbd7 13. e4 e5 14. exd5 exd4 15. dxc6 bxc6 16. Nb5 Qe5+ 17. Kd1 Kd8 18. Bxc6 Rb8 19. Qxf7 Qxc5 20. Re1 Qxc6 21. Nxd4 Qd6 22. Be3 Rxb2 23. Rc1 Be7 24. Qc4 Rb8 25. Re2 Ne5 26. Qa4 Rxh3 27. Rd2 Rh1+ 28. Ke2 Rxc1 29. Ne6+ Kc8 30. Rxd6 Bxd6 31. Bxc1 Rb4 32. Qa6+ Kd7 33.
Nxg5 Re4+ 34. Nxe4 Nxe4 35. Qb7+ Bc7 36. Qxe4 Nc6 37.
f3 1-0